 Dungeon Crawl Stone Soup version 0.19.1 (webtiles) character file.

278 empire the Sneak (level 6, -12/30 HPs)
             Began as a Vine Stalker Assassin on Dec 12, 2016.
             Mangled by a gnoll
             ... wielding a +0 spear
              (13 damage)
             ... on level 4 of the Dungeon.
             The game lasted 00:07:22 (2072 turns).

empire the Sneak (Vine Stalker Assassin)            Turns: 2072, Time: 00:07:22

Health: -12/30     AC:  7    Str: 18    XL:     6   Next: 26%
Magic:  0/7        EV: 11    Int: 11    God:
Gold:   86         SH:  0    Dex: 18    Spells: 0 memorised, 5 levels left

rFire  . . .     SeeInvis .     a - +3 dagger
rCold  . . .     Gourm    .     c - +0 robe
rNeg   + . .     Faith    .     (no shield)
rPois  .         Spirit   +     l - +2 helmet
rElec  .         Reflect  .     d - +1 cloak
rCorr  .         Harm     .     (no gloves)
MR     .....                    (no boots)
Stlth  ++++......               (no amulet)
                                (no ring)
                                q - ring of positive energy

@: mighty
A: fangs 2, regeneration 1, magic shield, antimagic bite, no device heal 3, rot
immunity
a: no special abilities


You were on level 4 of the Dungeon.
You were not hungry.

You visited 1 branch of the dungeon, and saw 4 of its levels.

You collected 86 gold pieces.

Inventory:

Hand Weapons
 a - a +3 dagger (weapon)
 b - a +0 blowgun
 A - a +4 dagger
 E - a +0 rapier
Missiles
 e - 21 poisoned needles
 f - 5 curare-tipped needles
 k - 14 javelins (quivered)
 n - 82 arrows
 t - 6 needles of confusion
Armour
 c - a +0 robe (worn)
 d - a +1 cloak (worn)
 l - a +2 helmet (worn)
 F - a +0 leather armour
Jewellery
 q - a ring of positive energy (left hand)
Scrolls
 o - a scroll of blinking
 s - 4 scrolls of remove curse
 y - a scroll of enchant armour
Potions
 i - a potion of curing
 j - a potion of resistance {unknown}
 m - 2 potions of agility {unknown}
 p - 2 potions of might
 r - 2 potions of magic {unknown}
 u - a potion of degeneration {unknown}
 v - a potion of heal wounds {unknown}
 w - a potion of flight {unknown}
 B - a potion of brilliance {unknown}
 C - a potion of mutation {unknown}
Comestibles
 g - 4 bread rations
 h - 2 meat rations


   Skills:
 - Level 1.7 Fighting
 * Level 4.1 Short Blades
 - Level 1.7 Throwing
 - Level 0.7 Dodging
 + Level 7.6 Stealth
 * Level 0.0 Spellcasting


You had 5 spell levels left.
You didn't know any spells.

Dungeon Overview and Level Annotations

Branches:
Dungeon (4/15)
 Temple: D:4-7

Altars:
Cheibriados
Kikubaaqudgha
Makhleb
Nemelex Xobeh
Uskayaw

Annotations:
D:3 Sigmund


Innate Abilities, Weirdness & Mutations

You have extremely sharp teeth.
Your natural rate of healing is unusually fast.
When hurt, damage is shared between your health and your magic reserves.
Your bite disrupts and absorbs the magic of your enemies.
Potions and wands cannot restore your health.
You are immune to rotting.


Message History

The gnoll closely misses you. The gnoll barely misses you.
The gnoll closely misses you. The gnoll hits you with a flail!
* * * LOW HITPOINT WARNING * * *
The gnoll hits you with a whip.
* * * LOW HITPOINT WARNING * * *
You feel very mighty all of a sudden. The gnoll hits you with a whip.
* * * LOW HITPOINT WARNING * * *
You hit the gnoll.
You kill the gnoll!
The gnoll hits you but does no damage.
The gnoll hits you from afar with a spear.
* * * LOW HITPOINT WARNING * * *
You puncture the gnoll! Your bite misses the gnoll.
The gnoll is heavily wounded.
The gnoll hits you with a flail.
* * * LOW HITPOINT WARNING * * *
The gnoll hits you from afar with a spear!
You die...

.......
......#
..... .
#...# #
##... ##
#...# #.##
#.g.#
....##.gg#
#.....#.@.#
#........##
#........#
#........#
#........#
#........#
#........#
##
#......##
.###
#......#


You could see 3 gnolls.

Vanquished Creatures
  3 vampire bats (D:2)
  The ghost of empire the Sneak, a weakling VSAs (D:3)
  An orc priest (D:3)
  A gnoll (D:4)
  3 adders (D:3)
  A worm (D:2)
  A dart slug (D:2)
  A leopard gecko (D:2)
  5 orcs (D:3)
  5 bat zombies (D:2)
  A giant cockroach (D:1)
  5 hobgoblins
  6 jackals (D:1)
  A quokka (D:3)
  2 bats (D:1)
  4 frilled lizards
  4 goblins
  8 kobolds
  A leopard gecko skeleton (D:4)
  2 rats
56 creatures vanquished.

Notes
Turn   | Place    | Note
-------+----------+-------------------------------------------
     0 | D:1      | empire the Vine Stalker Assassin began the quest for the Orb.
     0 | D:1      | Reached XP level 1. HP: 11/11 MP: 2/2
    75 | D:1      | Reached skill level 5 in Stealth
   130 | D:1      | Reached XP level 2. HP: 10/15 MP: 3/3
   562 | D:2      | Found a sparkling altar of Nemelex Xobeh.
   608 | D:2      | Reached XP level 3. HP: 18/18 MP: 4/4
  1027 | D:2      | Found an ancient bone altar of Kikubaaqudgha.
  1056 | D:2      | Reached skill level 6 in Stealth
  1056 | D:2      | Gained mutation: Your natural rate of healing is unusually fast. [Vine Stalker growth]
  1056 | D:2      | Reached XP level 4. HP: 5/23 MP: 5/5
  1057 | D:2      | Reached XP level 5. HP: 6/26 MP: 6/6
  1143 | D:2      | Found a snail-covered altar of Cheibriados.
  1226 | D:3      | Noticed empire's ghost (weakling VSAs)
  1227 | D:3      | Killed empire's ghost
  1227 | D:3      | Reached skill level 7 in Stealth
  1430 | D:3      | Found a hide-covered altar of Uskayaw.
  1433 | D:3      | Noticed a dagger
  1433 | D:3      | Noticed a hand axe
  1465 | D:3      | Reached XP level 6. HP: 30/30 MP: 7/7
  1723 | D:3      | Noticed Sigmund
  1871 | D:3      | Found a burning altar of Makhleb.
  2072 | D:4      | HP: 1/30 [gnoll/flail (4)]
  2072 | D:4      | Mangled by a gnoll

Skill      XL: |  1  2  3  4  5 |
---------------+----------------+-----
Stealth        | 5 6 7 |  7.6
Short Blades   | 2 3 4 |  4.1
Fighting       | |  1.7
Throwing       | |  1.7
Dodging        | |  0.7

Action                   |  1- 3 |  4- 6 || total
-------------------------+-------+-------++-------
Melee: Dagger            |    91 |    70 ||   161
       Bite              |    19 |    22 ||    41
  Use: Scroll            |     1 |     6 ||     7
       Potion            |     2 |     1 ||     3
 Stab: Sleeping          |     7 |     4 ||    11
       Distracted        |       |     1 ||     1
  Eat: Chunk             |       |     4 ||     4
Armor: Robe              |    85 |    15 ||   100
Dodge: Dodged            |    96 |    35 ||   131
